 Dungeon Crawl Stone Soup version 0.23-a0-373-g305c090 (webtiles) character file.

47 JeffiDaFish the Sneak (level 3, -1/16 HPs)
             Began as a Spriggan Enchanter on Oct 25, 2018.
             Slain by a worm (11 damage)
             ... on level 2 of the Dungeon.
             The game lasted 00:04:33 (1449 turns).

JeffiDaFish the Sneak (Spriggan Enchanter)          Turns: 1449, Time: 00:04:33

Health: -1/16      AC:  3    Str:  4    XL:     3   Next: 48%
Magic:  0/8        EV: 18    Int: 17    God:
Gold:   79         SH:  0    Dex: 16    Spells: 5/8 levels left

rFire    . . .     SeeInvis +   a - +1 dagger
rCold    . . .     Gourm    .   (shield restricted)
rNeg     . . .     Faith    .   b - +1 robe
rPois    .         Spirit   .   (helmet restricted)
rElec    .         Reflect  .   (no cloak)
rCorr    .         Harm     .   (gloves unavailable)
MR       .....                  (boots unavailable)
Stlth    +++.......             (no amulet)
HPRegen  0.05/turn              (no ring)
MPRegen  0.11/turn              (no ring)

@: very quick
A: very small, unfitting armour, see invisible, herbivore, speed 3, slow
metabolism 2
a: no special abilities


You were on level 2 of the Dungeon.
You were not hungry.

You visited 1 branch of the dungeon, and saw 2 of its levels.

You collected 79 gold pieces.

Inventory:

Hand Weapons
 a - a +1 dagger (weapon)
Armour
 b - a +1 robe (worn)
Scrolls
 c - a scroll of identify
 e - a scroll of magic mapping
Potions
 f - a potion of curing
Comestibles
 d - 4 rations


   Skills:
 + Level 1.5 Short Blades
 + Level 3.3 Dodging
 + Level 4.8 Stealth
 * Level 3.4 Spellcasting
 * Level 4.4 Hexes


You had 5 spell levels left.
You knew the following spells:

 Your Spells              Type           Power        Failure   Level  Hunger
a - Corona                Hex            ###....      2%          1    None
b - Ensorcelled Hibernat  Hex/Ice        ##....       11%         2    ##.....

Your spell library contained the following spells:

 Spells                   Type           Power        Failure   Level  Hunger
 Confuse                  Hex            ###.....     9%          3    ###....
 Tukima's Dance           Hex            ###.....     9%          3    ###....
 Dazzling Spray           Conj/Hex       ##....       21%         3    ###....


Dungeon Overview and Level Annotations

Branches:
Dungeon (2/15)

Altars:
Nemelex Xobeh


Innate Abilities, Weirdness & Mutations

You are very small and have problems with some larger weapons.
You are too small for most types of armour.
You have supernaturally acute eyesight. (SInv)
You are a herbivore.
You cover ground extremely quickly.
You need to consume almost no food.


Message History

The worm is moderately wounded.
The worm closely misses you.
You hit the worm.
The worm is moderately wounded.
You hit the worm.
The worm is heavily wounded.
The worm bites you.
Casting: Ensorcelled Hibernation (safe; 11% risk of failure)
Confirm with . or Enter, or press ? or * to list all spells.
Aiming: Corona (safe; 2% risk of failure)
Press: ? - help, Shift-Dir - straight line, f/p - worm
Aim: a worm (heavily wounded, chance to defeat MR: 63%)
The worm is outlined in light.
The worm bites you but does no damage.
You hit the worm.
The worm is heavily wounded.
You hit the worm.
The worm is heavily wounded.
The worm bites you!
Ouch! That really hurt!
You die...

##.##.........(............
#...##.##........##........
#).#.##.(....>....#.....#
#...##.(.......#########
.####..##.()......#
......$............#
.............####..#
.##.........(.###..#
#........@#..##..#
#......!..w...#..##
...).......#.#.....#
##.......$.#..%....#
..........#....##....
#.........#....# . .
....#######...... .#
#.####... #.# ≈≈≈#


You could see a worm.

Vanquished Creatures
  An adder (D:2)
  2 dart slugs (D:1)
  A leopard gecko (D:1)
  A giant cockroach (D:1)
  4 goblins (D:1)
  3 hobgoblins
  4 jackals (D:1)
  5 kobolds
  3 bats (D:1)
  5 frilled lizards
  3 rats (D:1)
32 creatures vanquished.

Notes
Turn   | Place    | Note
-------+----------+-------------------------------------------
     0 | D:1      | JeffiDaFish the Spriggan Enchanter began the quest for the
                  | Orb.
     0 | D:1      | Reached XP level 1. HP: 9/9 MP: 5/5
   128 | D:1      | Reached XP level 2. HP: 11/13 MP: 7/7
   195 | D:1      | Learned a level 2 spell: Ensorcelled Hibernation
   756 | D:1      | Reached XP level 3. HP: 16/16 MP: 8/8
  1056 | D:1      | Found a sparkling altar of Nemelex Xobeh.
  1449 | D:2      | Slain by a worm

Vault maps used:
D:1:      lemuel_arrival_river_ford, nemelex_altar_shiori
D:2:      grunt_ministairs_14, chequers_serial_rivers_micro_b,
          nicolae_qazlal_style_of_elements

Skill      XL: |  1  2 |
---------------+-------+-----
Spellcasting   | 3 |  3.4
Hexes          | 4 |  4.4
Short Blades   | |  1.5
Dodging        | |  3.3
Stealth        | |  4.8

Action                   || total
-------------------------++-------
Melee: Dagger            ||   127
 Cast: Corona            ||    15
       Ensorcelled Hiber ||    17
  Use: Scroll            ||     5
       Potion            ||     2
 Stab: Sleeping          ||    12
Armor: Robe              ||    18
Dodge: Dodged            ||    97

Table legend:
 A = Non-vault XP
 B = Vault XP
 C = Vault XP percentage of total XP
 D = Non-vault monster count
 E = Vault monster count
 F = Vault count percentage of total count
                 A         B        C        D         E       F
            +---------+---------+-------+---------+---------+-------
      Total |      68 |       0 |   0.0 |      32 |       0 |   0.0
            +---------+---------+-------+---------+---------+-------
        D:1 |      48 |       0 |   0.0 |      26 |       0 |   0.0
        D:2 |      20 |       0 |   0.0 |       6 |       0 |   0.0
            +---------+---------+-------+---------+---------+-------
